 Dungeon Crawl Stone Soup version 0.16-a0-357-g0c033bd (webtiles) character file.

39 PolkaDot the Caller (level 3, 0/24 HPs)
             Began as a Vampire Summoner on Sept 10, 2014.
             Succumbed to a gnoll's poison
             ... on Level 2 of the Dungeon.
             The game lasted 00:02:11 (1024 turns).

PolkaDot the Caller (Vampire Summoner)              Turns: 1024, Time: 00:02:11

HP   0/24        AC  2     Str  7      XL: 3   Next: 26%
MP   1/6         EV 12     Int 18      God:
Gold 85          SH  0     Dex 14      Spells:  2 memorised,  3 levels left

rFire  . . .     SeeInvis +     k - +0 spear
rCold  . . .     Clarity  .     a - +0 robe
rNeg   . . .     rCorr    .     (no shield)
rPois  .         rRot     .     (no helmet)
rElec  .         Spirit   .     (no cloak)
SustAb .         Warding  .     (no gloves)
rMut   .         Stasis   .     (no boots)
Gourm  .                        (no amulet)
MR     .....                    (no ring)
                                (no ring)

@: lethally poisoned, regenerating quickly, not resistant to hostile
enchantments, unstealthy
A: fangs 3, see invisible, unbreathing
a: no special abilities


You were on level 2 of the Dungeon.
You were full.

You visited 1 branch of the dungeon, and saw 2 of its levels.

You collected 85 gold pieces.

Inventory:

Hand weapons
 k - a +0 spear (weapon)
Armour
 a - a +0 robe (worn)
Scrolls
 c - a scroll of magic mapping {unknown}
 h - 5 scrolls of identify {unknown}
 j - a scroll of noise {unknown}
Potions
 d - a potion of curing {unknown}
 f - a potion of brilliance {unknown}
 g - 2 potions of mutation {unknown}
 i - a potion of invisibility {unknown}
Books
 b - a book of Callings

   Spells                             Type                      Level
   *Summon Small Mammal               Summoning                    1
   *Call Imp                          Summoning                    2
   Call Canine Familiar               Summoning                    3
   Summon Guardian Golem              Hexes/Summoning              4
   Summon Lightning Spire             Summoning/Air                4
   Summon Ice Beast                   Ice/Summoning                4


   Skills:
 - Level 2.1 Dodging
 - Level 3.0 Stealth
 - Level 2.0 Spellcasting
 * Level 5.1 Summonings


You had 3 spell levels left.
You knew the following spells:

 Your Spells              Type           Power        Failure   Level  Hunger
a - Summon Small Mammal   Summ           ###.         1%          1    #......
s - Call Imp              Summ           ###.....     3%          2    ##.....


Dungeon Overview and Level Annotations

Branches:
Dungeon (2/15)

Altars:


Innate Abilities, Weirdness & Mutations

Your natural rate of healing is unusually fast.
You have razor-sharp teeth.
You have supernaturally acute eyesight.
You can survive without breathing.


Message History

Your quokka's corpse disappears in a puff of smoke!
The gnoll closely misses you.
Your quokka closely misses the gnoll.
Firing (i - inventory): No suitable missiles.
Press: ? - help, Shift-Dir - straight line, f/p - gnoll
Aim: a gnoll, wielding a halberd of venom
Okay, then.
Attack whom?
Press: ? - help, Dir - move target cursor, f/p - gnoll
Aim: a gnoll, wielding a halberd of venom You reach to attack!
You closely miss the gnoll.
Your quokka bites the gnoll.
The gnoll hits your rat with a flail.
Your rat dies!
Your rat's corpse disappears in a puff of smoke!
The gnoll hits you from afar with a halberd of venom!
Ouch! That really hurt!
* * * LOW HITPOINT WARNING * * *
You are lethally poisoned!
Your quokka bites the gnoll.
The gnoll dies!
You die...

#.# #.# #.# #.# #.# #.#
#.# ##.## # #.###...## #
#.#.##.....#########
#.#.#.#.###....)........
#....gr.###[.##########.
#)ยง.@....# ########.#
#+#


You could see a gnoll and a friendly quokka.

Vanquished Creatures
  A gnoll (D:2)
  4 giant cockroaches
  2 hobgoblins
  A ball python (D:1)
  4 bats (D:1)
  A giant newt (D:1)
  5 goblins (D:1)
  3 kobolds
  4 rats
25 creatures vanquished.

Vanquished Creatures (collateral kills)
  A gnoll (D:2)
  A giant gecko (D:1)
2 creatures vanquished.

Vanquished Creatures (others)
  A quokka (D:2)
  2 rats (D:2)
3 creatures vanquished.

Grand Total: 30 creatures vanquished

Notes
Turn   | Place    | Note
--------------------------------------------------------------
     0 | D:1      | PolkaDot, the Vampire Summoner, began the quest for the Orb.
     0 | D:1      | Reached XP level 1. HP: 13/13 MP: 3/3
   496 | D:1      | Reached XP level 2. HP: 17/19 MP: 4/4
   508 | D:1      | Learned a level 2 spell: Call Imp
  1015 | D:2      | Reached skill level 5 in Summonings
  1015 | D:2      | Reached XP level 3. HP: 16/24 MP: 0/6
  1023 | D:2      | HP: 1/24 [gnoll/halberd of venom (16)]
  1024 | D:2      | Succumbed to a gnoll's poison

Action                   || total
-------------------------++-------
Melee: Short sword       ||    86
       Unarmed           ||     2
       Spear             ||     7
 Cast: Summon Small Mamm ||     6
  Use: Potion            ||     1
 Stab: Sleeping          ||     3
  Eat: Corpse            ||     5
